Map: Base du roi Sejong EC

Players

zidar

  • Race: Zerg Zerg
  • League: Gold
  • Spawn Location: 5:00

NewHorizonts - Winner!

  • Race: Terran Terran
  • League: Gold
  • Spawn Location: 11:00

VOD

Have the link to the VOD?

Description

Time

  • Played on: June 18, 2016, 10:53 a.m.
  • Length: 11:02
Show
View Real Time Build Order
Export as new Build Order

zidar Zerg 

Build Orders: Hatch First, Muta Ling Bane 

Get SALT Encoding   

  12  0:01  Drone  
  13  0:12  Overlord  
  13  0:17  Drone  
  14  0:30  Drone x2  
  16  0:51  Hatchery  
  16  0:53  Drone  
  16  0:57  Extractor  
  16  1:00  Drone  
  16  1:18  Spawning Pool  
  16  1:24  Drone  
  16  1:29  Drone  
  17  2:03  Drone  
  17  2:05  Queen x2  
  17  2:07  Zergling x4  
  24  2:10  Zergling x2  
  25  2:18  Metabolic Boost  
  24  2:23  Drone  
  25  2:33  Drone  
  25  2:34  Baneling Nest  
  25  2:38  Drone  
  26  2:47  Drone  
  26  2:48  Drone  
  28  2:53  Overlord  
  28  2:59  Pneumatized Carapace  
  33  3:20  Drone x3  
  33  3:26  Overlord  
  33  3:35  Lair  
  31  3:42  Queen  
  31  3:43  Drone x3  
  36  3:50  Zergling x2  
  36  3:51  Zergling x6  
  36  3:53  Zergling x2  
  41  4:18  Zergling x6  
  44  4:24  Overlord  
  44  4:25  Overlord x3  
  44  4:39  Overlord x2  
  44  4:48  Zergling x8  
  44  4:51  Centrifical Hooks  
  48  4:53  Baneling x3  
  48  5:01  Baneling  
  48  5:17  Zergling x18  
  57  5:33  Drone x5  
  57  5:34  Drone  
  63  5:38  Baneling x4  
  63  5:42  Extractor  
  53  6:13  Drone x5  
  58  6:22  Evolution Chamber, Overseer  
  58  6:25  Evolution Chamber, Baneling x4  
  50  7:06  Spire  
  49  7:13  Drone x14  
  63  7:20  Zerg Melee Weapons Level 1  
  63  7:24  Queen  
  63  7:38  Hatchery  
  50  7:50  Drone x7  
  44  8:09  Drone x4  
  48  8:17  Mutalisk  
  50  8:27  Drone x2  
  52  8:37  Mutalisk  
  52  8:39  Mutalisk  
  35  9:15  Mutalisk  
  37  9:17  Zergling x14  
  41  9:33  Zergling x2  
  41  9:34  Zergling x6  
  45  9:53  Zergling x2  
  45  9:54  Zergling x6  
  49  10:06  Drone x3  
  52  10:07  Drone  
  52  10:12  Drone  
  54  10:25  Mutalisk  
  54  10:27  Mutalisk  
Show
View Real Time Build Order
Export as new Build Order

NewHorizonts Terran - Winner!

Build Orders:  

Get SALT Encoding   

  12  0:04  SCV  
  13  0:16  SCV  
  14  0:27  Supply Depot  
  14  0:28  SCV  
  15  0:48  SCV  
  15  0:49  Barracks  
  16  0:53  Refinery  
  16  0:59  Refinery  
  16  1:00  SCV  
  17  1:13  SCV  
  18  1:25  SCV  
  19  1:36  Supply Depot  
  19  1:37  SCV  
  19  1:39  Barracks  
  20  1:49  SCV  
  22  2:01  SCV  
  22  2:08  Barracks Reactor  
  22  2:13  Factory, SCV  
  23  2:25  Orbital Command  
  23  2:28  Barracks Tech Lab  
  23  2:31  Barracks  
  23  2:45  Marine x2  
  23  2:47  Stimpack  
  23  2:49  Marauder  
  26  3:03  Factory Reactor  
  26  3:05  Starport  
  26  3:06  Marine  
  26  3:09  Marine  
  28  3:15  Marauder  
  30  3:23  SCV  
  31  3:36  Barracks Reactor, Supply Depot  
  31  3:48  Supply Depot  
  31  3:57  Marine x2, SCV, Medivac  
  31  3:58  Marauder  
  38  4:05  Supply Depot  
  38  4:09  Medivac  
  40  4:20  Marauder  
  42  4:24  Marine  
  42  4:26  Marine  
  42  4:27  Viking  
  46  4:33  Supply Depot  
  46  4:40  Marine x2  
  48  4:54  Medivac  
  48  4:57  Marine, Medivac  
  53  5:07  Marine, Marauder  
  56  5:15  Marine  
  59  5:24  Marine, Medivac  
  62  5:28  Marine, Widow Mine  
  63  5:56  Factory Reactor  
  62  6:02  Armory  
  62  6:05  Supply Depot  
  62  6:10  Marine  
  63  6:16  Supply Depot  
  63  6:17  Supply Depot  
  63  6:26  Marine x3  
  63  6:27  Marauder  
  68  7:04  Marine x2  
  68  7:05  Marine  
  71  7:13  Viking  
  71  7:15  Hellbat x2  
  77  7:19  Supply Depot x2  
  77  7:22  Marine  
  78  7:36  Hellbat  
  77  8:09  Medivac x2  
  81  8:24  Command Center  
  81  8:29  Hellbat x2  
  81  8:33  Marine x2  
  87  8:35  Combat Shield  
  73  9:14  Marine  
  73  9:15  Marine x3, Marauder  
  72  9:32  Marine  
  72  9:34  Medivac x2  
  72  9:35  Marine  
  72  9:37  Marauder  
  75  9:58  Marauder  
  77  10:08  Marine x4  
  81  10:17  SCV  
  81  10:19  Marine  
  83  10:26  Marine x2  
  85  10:46  Engineering Bay  
Tags
 
Add a new tag
Caveats
  • Supply blocks, unpowered buildings, or Contaminate may cause inaccurate times.
  • Supply counts are checked every 10 seconds.